 Dungeon Crawl Stone Soup version 0.29-a0-221-gceb61267dd (webtiles) character file.

Game seed: 17107853027917374155

547 Hasart the Bolt Thrower (level 6, -4/51 HPs)
             Began as a Demigod Hunter on Feb 27, 2022.
             Killed from afar by an orc wizard (8 damage)
             ... with a magic dart
             ... on level 5 of the Dungeon.
             The game lasted 00:06:03 (4912 turns).

Hasart the Bolt Thrower (Demigod Hunter)            Turns: 4912, Time: 00:06:04

Health: -4/51      AC:  3    Str: 13    XL:     6   Next: 78%
Magic:  8/8        EV: 13    Int: 13    God:
Gold:   69         SH:  0    Dex: 22    Spells: 5/5 levels left

rFire   . . .      SeeInvis .   a - +1 hand crossbow
rCold   . . .      Faith    .   (no shield)
rNeg    . . .      Spirit   .   b - +0 leather armour
rPois   .          Reflect  .   (no helmet)
rElec   .          Harm     .   (no cloak)
rCorr   .          Rampage  .   (no gloves)
Will    .....                   (no boots)
Stlth   +++.......              (no amulet)
HPRegen 0.17/turn               (no ring)
MPRegen 0.11/turn               (no ring)

@: no status effects
A: high MP 1, forlorn, divine attributes
a: no special abilities


You were on level 5 of the Dungeon.
You visited 1 branch of the dungeon, and saw 5 of its levels.

You collected 139 gold pieces.
You spent 70 gold pieces at shops.

Inventory:

Hand Weapons
 a - a +1 hand crossbow (weapon)
Armour
 b - a +0 leather armour (worn)
Jewellery
 m - a ring of magical power
Scrolls
 c - a scroll of silence {unknown}
 d - 3 scrolls of identify {unknown}
 g - a scroll of summoning {unknown}
 h - a scroll of fear {unknown}
 i - 2 scrolls of amnesia {unknown}
 j - a scroll of enchant armour {unknown}
 k - 3 scrolls of noise {unknown}
 l - a scroll of immolation {unknown}
 n - a scroll of magic mapping {unknown}
Potions
 e - 2 potions of curing {unknown}
 f - 3 potions of flight {unknown}


   Skills:
 + Level 3.4 Fighting
 * Level 5.6 Crossbows
 + Level 3.4 Dodging
 + Level 3.3 Stealth


You had 5 spell levels left.
You didn't know any spells.
Your spell library contained the following spells:

 Spells                   Type           Power      Damage    Failure   Level
 Static Discharge         Conj/Air       0%         N/A       52%         2
 Inner Flame              Hex/Fire       0%         N/A       75%         3
 Ozocubu's Armour         Ice            0%         N/A       75%         3
 Portal Projectile        Hex/Tloc       0%         N/A       75%         3
 Blade Hands              Tmut           0%         N/A       100%        5
 Excruciating Wounds      Necr           0%         N/A       100%        5
 Lightning Bolt           Conj/Air       0%         1d11      100%        5
 Conjure Ball Lightning   Conj/Air       0%         3x3d6     100%        6
 Ozocubu's Refrigeration  Ice            0%         4d5       100%        7
 Maxwell's Capacitive Co  Air            0%         ∞         100%        8


Dungeon Overview and Level Annotations

Branches:
Dungeon (5/15)
 Temple: D:4-7

Shops:
D:4 !


Innate Abilities, Weirdness & Mutations

You have an increased reservoir of magic. (+10% MP)
You shall have no god before yourself.
Your divine heritage dramatically boosts your attributes as you level up.


Message History

The orc wizard casts a spell at you. The puff of flame hits you.
The orc priest mumbles some strange prayers to Beogh against you.
Beogh smites you!
You are too injured to fight recklessly!
You are too injured to fight recklessly!
Unknown command.
You are too injured to fight recklessly!
You are too injured to fight recklessly!
The orc wizard points at you and mumbles some strange words.
The puff of flame misses you.
The orc priest looks braver for a moment.
The orc wizard casts a spell at you.
You are confused.
You bump into the rock wall.
You're too confused to move!
You're too confused to move!
The orc wizard hits you with a +0 dagger.
You bump into the rock wall.
The orc wizard barely misses you.
You bump into the rock wall.
The orc priest calls down the wrath of Beogh upon you.
Beogh smites you!
* * * LOW HITPOINT WARNING * * *
The orc wizard hits you but does no damage.
You feel less confused.
The orc priest invokes the aid of Beogh against you.
Beogh smites you!
* * * LOW HITPOINT WARNING * * *
An orc comes into view.
It is wielding a +0 dagger and carrying a wand of polymorph (6).
The orc wizard hits you with a +0 dagger.
* * * LOW HITPOINT WARNING * * *
The orc wizard points at you and mumbles some strange words.
You resist with some effort.
The orc priest miscasts a cantrip.
The orc wizard casts a spell.
The orc wizard flickers and vanishes!
Deactivating autopickup; reactivate with Ctrl-A.
A magic dart appears from out of thin air!
The magic dart hits you!
You die...

.#. #.o...# ..#
#.##.## #.## #.# ...
#..) #.# #### #..#
#.# #..###########.#
###..........o...###
#..........o.......#
#..<..@.o..........#
#.........{........#
#..........).......#
#########[.........#
#...#....#'####
#.###.####....## ...
#...........# #.#
#######...<.# #.
#.....#


You could see an orc priest and 2 orcs.

Vanquished Creatures
  A black bear (D:4)
  A phantom (D:4)
  A scorpion (D:4)
  2 howler monkeys (D:4)
  An iguana (D:4)
  An orc wizard (D:5)
  Natasha (D:3)
  6 adders
  An ufetubus (D:4)
  3 dart slugs
  A worm (D:2)
  6 orcs
  7 endoplasms
  7 giant cockroaches
  11 goblins
  13 hobgoblins
  5 jackals
  3 quokkas
  4 ball pythons
  5 bats
  10 kobolds
  8 rats
  A spectral goblin (D:3)
99 creatures vanquished.

Vanquished Creatures (others)
  A goblin (D:1)
  16 demonic plants (D:2)
  4 fungi (D:2)
  5 plants (D:2)
  4 withered plants (D:2)
30 creatures vanquished.

Grand Total: 129 creatures vanquished

Notes
Turn   | Place    | Note
-------+----------+-------------------------------------------
     0 | D:1      | Hasart the Demigod Hunter began the quest for the Orb.
     0 | D:1      | Reached XP level 1. HP: 17/17 MP: 3/3
   349 | D:1      | Reached skill level 1 in Stealth
   415 | D:1      | Reached XP level 2. HP: 24/24 MP: 4/4
   665 | D:1      | Reached skill level 4 in Crossbows
  1176 | D:2      | Reached XP level 3. HP: 29/29 MP: 5/5
  1828 | D:2      | Reached XP level 4. HP: 23/37 MP: 6/6
  2202 | D:3      | Noticed Natasha
  2208 | D:3      | Killed Natasha
  3060 | D:4      | Found Ripsoy's Distillery.
  3068 | D:4      | Bought a potion of heal wounds for 70 gold pieces
  3071 | D:4      | Noticed a phantom
  3086 | D:4      | Killed a phantom
  3087 | D:4      | Reached skill level 5 in Crossbows
  3087 | D:4      | Reached XP level 5. HP: 15/44 MP: 7/7
  3366 | D:4      | Noticed a black bear
  3374 | D:4      | Killed a black bear
  3375 | D:4      | Reached XP level 6. HP: 20/51 MP: 8/8
  3563 | D:4      | Noticed an acid dragon
  4063 | D:4      | Got the Handbook of the Floating Volcanoes
  4835 | D:5      | Entered Level 5 of the Dungeon
  4912 | D:5      | Killed from afar by an orc wizard

Illustrated notes

Levels and vault maps discovered:
D:1:      dpeg_arrival_circle_labyrinth_b, layout_rooms,
          corexii_item_surrounded_by_moat, kennysheep_decorative_pillar,
          lemuel_flame_loot_1
D:2:      layout_rooms, shapermc_ecumenical_altar_gd, st_stairs_1,
          minmay_goblin_kobold_house
D:3:      minmay_door_path, layout_loops_ring, nicolae_vehumet_altar_sigil,
          mainiacjoe_overflow_alcove_2, amethyst_overflow_temple_binary,
          nicolae_hepliaklqana_monster_ancestors, uniq_natasha
D:4:      layout_basic, serial_shops, nicolae_shop_hallway_plus,
          kennysheep_generic_room_14, uniq_eustachio
D:5:      layout_basic, okawaru_metal_pillars_1_2, uniq_sigmund, uniq_edmund,
          uniq_menkaure

Skill      XL: |  1  2  3  4  5  6 |
---------------+-------------------+-----
Stealth        | 1 2 3 |  3.3
Fighting       | 2 3 |  3.4
Dodging        | 2 3 |  3.4
Crossbows      | 4 5 |  5.6

Action                   |  1- 3 |  4- 6 || total
-------------------------+-------+-------++-------
 Fire: Hand crossbow     |   145 |   172 ||   317
  Use: Potion            |       |     1 ||     1
Armor: Leather armour    |    13 |    25 ||    38
Dodge: Dodged            |    38 |    79 ||   117

Table legend: (Time is in decaauts)
 A = Elapsed time spent in this place.
 B = Non-inter-level travel time spent in this place.
 C = Inter-level travel time spent in this place.
 D = Time resting spent in this place.
 E = Time spent auto-exploring this place.
 F = Levels seen in this place.
 G = Mean time per level.
                   A        B        C        D        E       F      G
               +--------+--------+--------+--------+--------+-----+--------+
         Total |   5012 |   4849 |    163 |    836 |   3369 |   5 | 1002.4 |
       Dungeon |   5012 |   4849 |    163 |    836 |   3369 |   5 | 1002.4 |
               +--------+--------+--------+--------+--------+-----+--------+

Top non-repeatable levels by time:
     D:4: 1587 daAuts
     D:3: 1279 daAuts
     D:1: 1074 daAuts
     D:2: 990 daAuts
     D:5: 79 daAuts
